 Dungeon Crawl Stone Soup version 0.19.4-9-g45fd643 (webtiles) character file.

3842 doot the Summoner (level 10, -9/75 HPs)
             Began as a Tengu Summoner on Feb 18, 2017.
             Was a Believer of Sif Muna.
             Mangled by a vampire (14 damage)
             ... on level 9 of the Dungeon.
             The game lasted 00:42:43 (11532 turns).

doot the Summoner (Tengu Summoner)                 Turns: 11532, Time: 00:42:44

Health: -9/75      AC:  6    Str: 13 (14) XL:     10   Next: 18%
Magic:  0/17       EV: 16    Int: 16 (17) God:    Sif Muna [**....]
Gold:   414        SH:  0    Dex: 14 (16) Spells: 5 memorised, 4 levels left

rFire  + . .     SeeInvis .     S - +2 falchion (elec)
rCold  . . .     Gourm    .     R - +0 leather armour
rNeg   . . .     Faith    .     (no shield)
rPois  +         Spirit   +     V - +0 hat {Spirit}
rElec  .         Reflect  .     (no cloak)
rCorr  .         Harm     +     B - +1 pair of gloves
MR     .....                    (boots unavailable)
Stlth  ..........               W - amulet of harm
                                U - ring of poison resistance
                                s - ring of stealth

@: berserking, flying quickly and evasively, very slightly contaminated,
invisible (expiring), very quick
A: beak, talons 3, deterioration 2, fire resistance 1, frail 1, regeneration 1,
shaggy fur 1, able to fly 1
a: Divine Energy, Renounce Religion


You were on level 9 of the Dungeon.
You worshipped Sif Muna.
Sif Muna was pleased with you.
You were hungry.

You visited 2 branches of the dungeon, and saw 10 of its levels.

You collected 414 gold pieces.

Inventory:

Hand Weapons
 d - a +0 whip
 l - a -1 quarterstaff
 u - a +2 dagger of protection
 v - a +0 trident
 x - a +0 whip of draining
 z - a +0 long sword
 A - a +1 hunting sling of freezing
 P - a +1 whip of freezing
 S - a +2 falchion of electrocution (weapon)
Missiles
 o - 40 bolts
 p - 7 needles of sleeping
 T - 32 sling bullets
Armour
 a - a +0 robe
 f - a +0 pair of gloves
 B - a +1 pair of gloves (worn)
 M - a +1 chain mail of cold resistance
 R - a +0 leather armour (worn)
 V - a +0 hat of spirit shield (worn)
Jewellery
 s - a ring of stealth (left hand)
 H - an uncursed amulet of the gourmand
 K - an uncursed ring of protection from magic
 U - a ring of poison resistance (right hand)
 W - an amulet of harm (around neck)
Wands
 G - a wand of paralysis (5/24)
 J - a wand of acid (2/15)
 L - a wand of lightning (3/15)
Scrolls
 e - 5 scrolls of teleportation
 g - a scroll of fear {unknown}
 h - a scroll of enchant armour {unknown}
 i - 3 scrolls of remove curse
 j - 5 scrolls of fog
 r - a scroll of blinking
 y - 3 scrolls of amnesia {unknown}
 C - 12 scrolls of identify
 E - a scroll of recharging {unknown}
 I - 3 scrolls of magic mapping {unknown}
 N - a scroll of holy word {unknown}
 O - a scroll of immolation {unknown}
Potions
 t - a potion of berserk rage
 w - a potion of agility
 F - a potion of cancellation
 Y - a potion of flight
Books
 b - a book of Callings

   Spells                             Type                      Level
   a - Summon Small Mammal            Summoning                    1
   b - Call Imp                       Summoning                    2
   c - Call Canine Familiar           Summoning                    3
   d - Summon Guardian Golem          Hexes/Summoning              3
   e - Summon Lightning Spire         Summoning/Air                4
   f - Summon Ice Beast               Ice/Summoning                4
 Q - a book of Misfortune

   Spells                             Type                      Level
   a - Confusing Touch                Hexes                        1
   b - Confuse                        Hexes                        3
   c - Gell's Gravitas                Hexes/Translocation          3
   d - Petrify                        Transmutation/Earth          4
   e - Metabolic Englaciation         Hexes/Ice                    5
   f - Yara's Violent Unravelling     Hexes/Transmutation          5
Comestibles
 c - 6 bread rations
 k - 2 beef jerkies
 m - 3 slices of pizza
 q - 4 fruits
 D - 4 meat rations
 Z - a chunk of flesh


   Skills:
 + Level 3.5 Fighting
 + Level 2.7(4.7) Short Blades
 + Level 5.9(6.2) Long Blades
 + Level 1.3 Maces & Flails
 + Level 2.1 Polearms
 + Level 2.9 Armour
 + Level 4.5 Dodging
 + Level 5.0 Stealth
 + Level 4.5 Spellcasting
 * Level 10.2 Summonings
 + Level 3.5 Ice Magic
 + Level 3.6 Air Magic


You had 4 spell levels left.
You knew the following spells:

 Your Spells              Type           Power        Failure   Level  Hunger
a - Summon Small Mammal   Summ           ####         1%          1    None
b - Call Imp              Summ           #####...     1%          2    ##.....
c - Call Canine Familiar  Summ           #####...     1%          3    ###....
d - Summon Lightning Spi  Summ/Air       ####....     12%         4    ####...
e - Summon Ice Beast      Ice/Summ       ####....     12%         4    ####...


Dungeon Overview and Level Annotations

Branches:
Dungeon (9/15)             Temple (1/1) D:5
   Lair: D:8-11         Orc: D:9-12

Altars:
Ashenzari
Cheibriados
Dithmenos
Elyvilon
Fedhas
Gozag
Hepliaklqana
Kikubaaqudgha
Makhleb
Nemelex Xobeh
Okawaru
Ru
Sif Muna
Trog
Uskayaw
Vehumet
Xom
Yredelemnul
Zin
The Shining One

Annotations:
D:4 Grinder


Innate Abilities, Weirdness & Mutations

You have a beak for a mouth.
You have claws for feet.
You can fly.
Your body often deteriorates upon taking damage.
Your flesh is heat resistant. (rF+)
You are frail. (-10% HP)
Your natural rate of healing is unusually fast.
You are covered in fur. (AC +1)


Message History

Something completely misses you. Something bites you!
Your body deteriorates!
You feel dopey.
Something draws strength from your injuries!
You hit something. You peck something. Something hits you! Something bites you.
Something draws strength from your injuries!
You hit something.
There is a sudden explosion of sparks!
You claw something.
Unholy energy fills the air.
Your body deteriorates!
You feel clumsy.
You miss something. Your peck misses something.
Unholy energy fills the air.
* * * LOW HITPOINT WARNING * * *
Your body deteriorates!
You feel clumsy.
You feel better. Something hits you!
* * * LOW HITPOINT WARNING * * *
Your body deteriorates!
You feel weakened. Something bites you but does no damage.
A red film seems to cover your vision as you go berserk!
You feel yourself moving faster!
You feel mighty!
You flicker for a moment.
Something barely misses you. Something bites you!
You die...

##.#.#..# ^#
.##.#..#.#..#
.......<.#..#
.##.######?.#
... #..# ## .
###
#..##.####.#
#..8........
##..Y...##.#
#..@{....#
##......##
#.....##
#.#.##.#
#...# #%#
##.## .# . #


You could see a friendly ice beast and a friendly lightning spire.

Vanquished Creatures
  Pikel (D:6)
  The ghost of Exporg the Summoner, a novice TeSu of Sif Muna (D:7)
  Joseph (D:7)
  A hungry ghost (D:7)
  An orc warrior (D:7)
  A slave (D:6)
  A sky beast (D:6)
  A big kobold (D:7)
  2 elf zombies (D:7)
  3 bullfrogs
  An elf skeleton (D:7)
  2 bullfrog zombies
  An orc wizard (D:8)
  4 hounds
  2 jellies (D:6)
  2 human skeletons (D:7)
  An iguana (D:6)
  Ijyb (D:2)
  9 worker ants
  A hound zombie (D:8)
  5 gnolls
  11 adders
  2 oozes (D:5)
  A worm (D:3)
  3 dart slugs
  2 leopard geckos
  17 orcs
  5 bats
  6 giant cockroaches
  25 goblins
  13 hobgoblins
  15 jackals
  3 quokkas (D:6)
  9 frilled lizards
  2 gnoll zombies (D:3)
  16 kobolds
  3 leopard gecko skeletons
  An orc skeleton (D:7)
  7 rats
183 creatures vanquished.

Vanquished Creatures (collateral kills)
  Gastronok (D:8)
  A hippogriff (D:7)
  An orc warrior (D:6)
  2 slaves (D:6)
  A black bear (D:7)
  An ogre (D:5)
  2 centaurs
  A bullfrog (D:6)
  A wyvern skeleton (D:6)
  A howler monkey (D:5)
  4 orc priests
  An orc wizard (D:4)
  Terence (D:3)
  A worker ant (D:8)
  A killer bee zombie (D:6)
  Robin (D:2)
  2 gnolls
  2 adders (D:2)
  A leopard gecko (D:7)
  5 orcs
  A bat (D:2)
  A goblin (D:2)
  A hobgoblin (D:2)
  3 jackals (D:6)
37 creatures vanquished.

Vanquished Creatures (others)
  An orc warrior (D:6)
  An orc priest (D:6)
  3 orcs (D:6)
5 creatures vanquished.

Grand Total: 225 creatures vanquished

Notes
Turn   | Place    | Note
-------+----------+-------------------------------------------
     0 | D:1      | doot the Tengu Summoner began the quest for the Orb.
     0 | D:1      | Reached XP level 1. HP: 10/10 MP: 4/4
   102 | D:1      | Reached skill level 5 in Summonings
   180 | D:1      | Reached XP level 2. HP: 14/15 MP: 6/6
   231 | D:1      | Learned a level 2 spell: Call Imp
  1068 | D:1      | Reached XP level 3. HP: 18/19 MP: 7/7
  2001 | D:2      | Learned a level 3 spell: Call Canine Familiar
  2249 | D:2      | Found a sacrificial altar of Ru.
  2364 | D:2      | Reached XP level 4. HP: 19/24 MP: 8/8
  2379 | D:2      | Reached skill level 1 in Fighting
  2801 | D:2      | Noticed Ijyb
  2855 | D:2      | Killed Ijyb
  2855 | D:2      | Reached skill level 6 in Summonings
  3616 | D:2      | Noticed Robin
  3869 | D:2      | Killed Robin
  3869 | D:2      | Reached skill level 1 in Maces & Flails
  3951 | D:2      | Gained mutation: You can fly. [Tengu growth]
  3951 | D:2      | Reached XP level 5. HP: 18/29 MP: 9/9
  4388 | D:3      | Reached skill level 1 in Polearms
  4911 | D:3      | Noticed Terence
  4937 | D:3      | Killed Terence
  5497 | D:3      | Found a basalt altar of Yredelemnul.
  5875 | D:4      | Noticed Grinder
  5902 | D:5      | Entered Level 5 of the Dungeon
  6419 | D:5      | Reached XP level 6. HP: 32/34 MP: 10/10
  6599 | D:5      | Found a staircase to the Ecumenical Temple.
  6608 | Temple   | Entered the Ecumenical Temple
  7106 | D:6      | Noticed a phantom
  7136 | D:6      | Reached skill level 1 in Short Blades
  7176 | D:6      | Found a deep blue altar of Sif Muna.
  7187 | D:6      | Became a worshipper of Sif Muna the Loreminder
  7222 | D:6      | Reached skill level 7 in Summonings
  7378 | D:6      | Reached XP level 7. HP: 17/39 MP: 0/11
  7470 | D:6      | Learned a level 4 spell: Summon Lightning Spire
  7771 | D:6      | Reached skill level 1 in Air Magic
  8256 | D:6      | Gained mutation: You are frail. (-10% HP) [mutagenic meat]
  8257 | D:6      | Gained mutation: Your natural rate of healing is unusually fast. [mutagenic meat]
  8258 | D:6      | Gained mutation: Your body sometimes deteriorates upon taking damage. [mutagenic meat]
  8259 | D:6      | Gained mutation: You are covered in fur. (AC +1) [mutagenic meat]
  8260 | D:6      | Gained mutation: Your body often deteriorates upon taking damage. [mutagenic meat]
  8261 | D:6      | Gained mutation: Your flesh is heat resistant. (rF+) [mutagenic meat]
  8271 | D:6      | Found a sparkling altar of Nemelex Xobeh.
  8601 | D:6      | Noticed Pikel
  8635 | D:6      | Killed Pikel
  8635 | D:6      | Reached * piety under Sif Muna
  8635 | D:6      | Reached skill level 8 in Summonings
  8635 | D:6      | Reached XP level 8. HP: 39/39 MP: 4/14
  8741 | D:7      | Noticed a hippogriff
  8754 | D:7      | Killed a hippogriff
  8771 | D:7      | Noticed Exporg's ghost (novice TeSu)
  9222 | D:4      | Learned a level 4 spell: Summon Ice Beast
  9756 | D:7      | Reached skill level 1 in Long Blades
  9794 | D:7      | Reached skill level 1 in Armour
  9794 | D:7      | Reached skill level 1 in Ice Magic
  9905 | D:7      | Noticed Joseph
  9955 | D:7      | Killed Joseph
  9955 | D:7      | Reached skill level 9 in Summonings
  9955 | D:7      | Reached XP level 9. HP: 35/44 MP: 10/15
 10477 | D:7      | Reached ** piety under Sif Muna
 10721 | D:7      | Killed Exporg's ghost
 10785 | D:8      | Noticed Gastronok
 10853 | D:8      | Killed Gastronok
 10853 | D:8      | Reached skill level 5 in Long Blades
 10853 | D:8      | Reached skill level 10 in Summonings
 10853 | D:8      | Reached XP level 10. HP: 41/50 MP: 2/17
 11022 | D:8      | Found a faded altar of an unknown god.
 11022 | D:8      | Found a faded altar of an unknown god.
 11028 | D:8      | Found a faded altar of an unknown god.
 11030 | D:8      | Found a faded altar of an unknown god.
 11032 | D:8      | Found a shimmering altar of Xom.
 11265 | D:8      | Found a white marble altar of Elyvilon.
 11342 | D:8      | Reached skill level 5 in Stealth
 11491 | D:9      | Found a radiant altar of Vehumet.
 11530 | D:9      | HP: 1/50 [something/vampiric draining (16)]
 11532 | D:9      | Mangled by a vampire

Skill      XL: |  1  2  3  4  5  6  7  8  9 10 |
---------------+-------------------------------+-----
Summonings     | 5 6 7 8 9 10 | 10.2
Fighting       | 1 2 3 |  3.5
Dodging        | 3 4 |  4.5
Maces & Flails | 1 |  1.3
Polearms       | 2 |  2.1
Stealth        | 3 4 5 |  5.0
Short Blades   | 1 2 |  2.7
Air Magic      | 3 |  3.6
Spellcasting   | 3 4 |  4.5
Long Blades    | 3 5 |  5.9
Armour         | 1 2 |  2.9
Ice Magic      | 2 3 |  3.5

Action                   |  1- 3 |  4- 6 |  7- 9 | 10-12 || total
-------------------------+-------+-------+-------+-------++-------
Melee: Whip              |   150 |    60 |     8 |       ||   218
       Kick              |    34 |    49 |    58 |    14 ||   155
       Peck              |    22 |    36 |    30 |    12 ||   100
       Unarmed           |     1 |       |       |       ||     1
       Trident           |       |    91 |       |       ||    91
       Dagger            |       |    93 |    96 |       ||   189
       Long sword        |       |     4 |       |       ||     4
       Falchion          |       |       |   126 |    52 ||   178
 Cast: Call Canine Famil |     1 |    13 |    15 |       ||    29
       Call Imp          |       |     7 |     2 |       ||     9
       Summon Lightning  |       |       |     8 |     1 ||     9
       Summon Small Mamm |       |       |     8 |       ||     8
       Summon Ice Beast  |       |       |     8 |     2 ||    10
  Use: Potion            |     3 |     1 |     5 |     4 ||    13
       Scroll            |       |     6 |       |       ||     6
 Stab: Sleeping          |     5 |    17 |    15 |     4 ||    41
       Distracted        |       |     1 |     1 |       ||     2
  Eat: Chunk             |     5 |    13 |    25 |     3 ||    46
       Beef jerky        |       |     1 |       |       ||     1
       Royal jelly       |       |     1 |       |       ||     1
Armor: Robe              |    26 |    46 |    34 |       ||   106
       Skin              |       |     4 |       |       ||     4
       Leather armour    |       |       |    20 |    13 ||    33
Dodge: Dodged            |   113 |   152 |   135 |    29 ||   429
       Rpst.: Long sword |       |     1 |       |       ||     1
       Falchion          |       |       |    26 |    10 ||    36
